 Dungeon Crawl Stone Soup version 0.29.0-4-gdea44cf6ec (webtiles) character file.

Game seed: 6336641453364509010

39 qw the Vexing (level 3, -3/33 HPs)
             Began as an Ogre Enchanter on Sept 3, 2022.
             Slain by Terence
             ... wielding a +2 flail of protection
              (7 damage)
             ... on level 2 of the Dungeon.
             The game lasted 00:01:04 (1463 turns).

qw the Vexing (Ogre Enchanter)                      Turns: 1463, Time: 00:01:05

Health: -3/33      AC:  3    Str: 14    XL:     3   Next: 45%
Magic:  6/6        EV:  8    Int: 16    God:
Gold:   91         SH:  6    Dex:  9    Spells: 6/6 levels left

rFire   . . .      SeeInvis .   Y - +2 mace
rCold   . . .      Faith    .   e - +0 kite shield
rNeg    + . .      Spirit   .   b - +0 robe
rPois   .          Reflect  .   (helmet restricted)
rElec   .          Harm     .   (no cloak)
rCorr   .          Rampage  .   (gloves unavailable)
Will    .....                   (boots unavailable)
Stlth   ++........              (no amulet)
HPRegen 0.11/turn               d - ring of positive energy
MPRegen 0.10/turn               (no ring)

@: no status effects
A: large, unfitting armour, tough skin 1
a: no special abilities


You were on level 2 of the Dungeon.
You visited 1 branch of the dungeon, and saw 2 of its levels.

You collected 91 gold pieces.


Innate Abilities, Weirdness & Mutations

You are too large for most types of armour.
You have tough skin. (AC +1)


   Skills:
 - Level 1.0 Fighting
 - Level 0.8 Short Blades
 - Level 2.0 Axes
 - Level 1.7 Dodging
 - Level 2.1 Stealth
 + Level 1.7 Shields
 - Level 2.4 Spellcasting
 - Level 2.6 Hexes


You had 6 spell levels left.
You didn't know any spells.
Your spell library contained the following spells:

 Spells                   Type           Power      Damage    Failure   Level
 Ensorcelled Hibernation  Hex/Ice        12%        N/A       41%         2
 Confusing Touch          Hex            10%        N/A       45%         3
 Tukima's Dance           Hex            10%        N/A       45%         3
 Dazzling Flash           Conj/Hex       12%        N/A       65%         3

Inventory:

Hand Weapons
 Y - a +2 mace (weapon)
Missiles
 h - a javelin (quivered)
Armour
 b - a +0 robe (worn)
 e - a +0 kite shield (worn)
Jewellery
 d - a ring of positive energy (left hand)
 k - a ring of protection from cold
Scrolls
 f - 2 scrolls of identify
 i - a scroll of magic mapping {unknown}
 j - a scroll of blinking {unknown}
Potions
 a - a potion of degeneration {unknown}
 c - a potion of flight {unknown}
 g - 2 potions of lignification {unknown}

Dungeon Overview and Level Annotations

Branches:
Dungeon (2/15)

Altars:

Annotations:
D:2 Terence


Message History

Throw: 2 javelins
Press: ? - help, Q - select action Shift-Dir - straight line, f - worm You throw a javelin.
The javelin pierces through the worm.
The worm is moderately wounded.
You hit the worm.
The worm is moderately wounded.
The worm bites you but does no damage.
You hit the worm.
The worm is heavily wounded.
The worm bites you.
You sock the worm!
The worm is almost dead.
The worm bites you.
You thump the worm!
You kill the worm!
You start resting.
HP restored.
h - 2 javelins (gained 1) Terence the Incautious comes into view.
He is wielding a +2 flail of protection.
Throw: 2 javelins
Press: ? - help, Q - select action Shift-Dir - straight line, f - Terence You throw a javelin.
The javelin pierces through Terence but does no damage.
You closely miss Terence. You block Terence's attack.
You barely miss Terence. You block Terence's attack. Terence barely misses you.
You barely miss Terence.
Terence hits you with a +2 flail of protection!
You hit Terence but do no damage. Terence says, "Did you write a will?
You should..."
Terence hits you with a +2 flail of protection! x2
You hit Terence.
Terence is moderately wounded.
Terence barely misses you.
You closely miss Terence.
Terence is moderately wounded.
You block Terence's attack.
Terence hits you with a +2 flail of protection!
You die...

...........#.#...........#
..##########.#.......#####
..# #.#........[# ..#
#.#......##.# ..#
#.#.....###.# ..#
#.#######.# ..#
#.#.......# ..# .
#.####### #.# #@# .# #.@.#
#.### (.. ###


You could see Terence.

Vanquished Creatures
  A worm (D:2)
  3 endoplasms
  A giant cockroach (D:1)
  5 goblins
  5 hobgoblins
  3 jackals (D:2)
  5 ball pythons
  4 bats
  A frilled lizard (D:2)
  A kobold (D:1)
  7 rats
36 creatures vanquished.

Notes
Turn   | Place    | Note
-------+----------+-------------------------------------------
     0 | D:1      | qw the Ogre Enchanter began the quest for the Orb.
     0 | D:1      | Reached XP level 1. HP: 16/16 MP: 3/3
     0 | D:1      | 0 ||| qw: Version: 0.1-a-102-g441f92d
     0 | D:1      | 0 ||| qw: Game counter: 5109
     0 | D:1      | 0 ||| qw: Always use a shield: true
     0 | D:1      | 0 ||| qw: God list: Okawaru
     0 | D:1      | 0 ||| qw: Allow faded altars: false
     0 | D:1      | 0 ||| qw: Do Orc after D:15 true
     0 | D:1      | 0 ||| qw: Do second Lair branch before Depths: true
     0 | D:1      | 0 ||| qw: Lair rune preference: random
     0 | D:1      | 0 ||| qw: Plans: Normal
     0 | D:1      | 0 ||| PLANNING D:1-11
     5 | D:1      | 5 ||| SWAPPING to +1 short sword of venom.
     6 | D:1      | 6 ||| DROPPING +1 dagger.
    27 | D:1      | 27 ||| Stepping ~*~*~tactically~*~*~ (stealth).
    52 | D:1      | Reached skill level 1 in Axes
    88 | D:1      | Reached skill level 1 in Fighting
   163 | D:1      | Reached XP level 2. HP: 26/27 MP: 5/5
   172 | D:1      | 172 ||| Stepping ~*~*~tactically~*~*~ (stealth).
   301 | D:1      | 301 ||| SWAPPING to +0 mace.
   302 | D:1      | 302 ||| DROPPING +1 short sword of venom.
   719 | D:1      | You fall into a shaft and drop 1 floor!
   720 | D:2      | 720 ||| UPGRADING to +0 kite shield.
   725 | D:2      | 725 ||| UPGRADING to ring of positive energy.
   726 | D:2      | 726 ||| READING 2 scrolls labelled WIOZAE REAMI.
   727 | D:2      | 727 ||| READING 2 scrolls labelled FIXIEP VIQODGH.
   728 | D:2      | 728 ||| READING 2 scrolls labelled VATEUP HUNWE.
   729 | D:2      | 729 ||| READING scroll of enchant weapon.
   729 | D:2      | 729 ||| ENCHANTING +1 mace.
   730 | D:2      | 730 ||| DROPPING 2 potions of invisibility.
   731 | D:2      | 731 ||| DROPPING scroll of fear.
   821 | D:1      | 821 ||| Stepping ~*~*~tactically~*~*~ (stealth).
   828 | D:1      | Reached XP level 3. HP: 28/33 MP: 6/6
   945 | D:1      | Reached skill level 1 in Shields
  1188 | D:2      | 1188 ||| Stepping ~*~*~tactically~*~*~ (stealth).
  1190 | D:2      | 1190 ||| Stepping ~*~*~tactically~*~*~ (stealth).
  1194 | D:2      | 1194 ||| Stepping ~*~*~tactically~*~*~ (stealth).
  1195 | D:2      | 1195 ||| Stepping ~*~*~tactically~*~*~ (stealth).
  1200 | D:2      | 1200 ||| Stepping ~*~*~tactically~*~*~ (outnumbered).
  1455 | D:2      | Noticed Terence
  1461 | D:2      | HP: 4/33 [Terence/+2 flail of protection (9)]
  1463 | D:2      | Slain by Terence

Levels and vault maps discovered:
D:1:      eino_arrival_druids_welcome, layout_loops_ring
D:2:      layout_basic, basic_altar, uniq_terence, uniq_sigmund

Skill      XL: |  1  2  3 |
---------------+----------+-----
Axes           | 1 2 |  2.0
Fighting       | 1 |  1.0
Shields        | 1 |  1.7
Short Blades   | |  0.8
Dodging        | |  1.7
Stealth        | |  2.1
Spellcasting   | |  2.4
Hexes          | |  2.6

Action                   || total
-------------------------++-------
Melee: Short sword       ||    26
       Mace              ||    71
Throw: Javelin           ||    19
  Use: Scroll            ||     4
Armor: Robe              ||    27
Dodge: Dodged            ||    47
Block: Kite shield       ||    18

Table legend:
 A = Non-vault XP
 B = Vault XP
 C = Vault XP percentage of total XP
 D = Non-vault monster count
 E = Vault monster count
 F = Vault count percentage of total count
                 A         B        C        D         E       F
            +---------+---------+-------+---------+---------+-------
      Total |      56 |       0 |   0.0 |      36 |       0 |   0.0
            +---------+---------+-------+---------+---------+-------
        D:1 |      36 |       0 |   0.0 |      25 |       0 |   0.0
        D:2 |      20 |       0 |   0.0 |      11 |       0 |   0.0
            +---------+---------+-------+---------+---------+-------
